 Dungeon Crawl Stone Soup version 0.31-a0-1082-g7d1fb776a8 (webtiles) character file.

Game seed: 14583932439939026234

44 Flugslaktarn the Changeling (level 3, 0/23 HPs)
             Began as an Octopode Shapeshifter on Nov 28, 2023.
             Slain by a gnoll
             ... wielding a +0 halberd
              (2 damage)
             ... on level 2 of the Dungeon.
             The game lasted 00:00:28 (913 turns).

Flugslaktarn the Changeling (Octopode Shapeshifter)  Turns: 913, Time: 00:00:29

Health: 0/23       AC:  1    Str: 13    XL:     3   Next: 60%
Magic:  3/3        EV: 13    Int: 12    God:
Gold:   52         SH:  0    Dex: 13    Spells: 2/2 levels left

rFire   . .          .
                       - Unarmed
rCold   . . .        (no shield)
rNeg    . . .        (helmet currently unavailable)
rPois   .            (no amulet)
rElec   .            (no ring)
rCorr   .            (no ring)
SInv    .            (no ring)
Will    .....        (no ring)
Stlth   ++           (no ring)
HPRegen 0.23/turn    (no ring)
MPRegen 0.08/turn    (no ring)
                     (no ring)

%: no passive effects
@: beast-form
A: beast (slay +2), almost no armour, amphibious, 8 rings, camouflage 1,
gelatinous body 1, (nimble swimmer 1), tentacles
a: Begin Untransformation


You were on level 2 of the Dungeon.
You were a hulking beast.
You visited 1 branch of the dungeon, and saw 2 of its levels.

You collected 52 gold pieces.

Inventory:

Talismans
 b - a beast talisman
 c - a flux talisman
Scrolls
 d - a scroll of enchant armour {unknown}
 g - a scroll of identify {unknown}
 h - a scroll of noise
 i - a scroll of amnesia {unknown}
Potions
 a - a potion of lignification
 e - a potion of mutation {unknown}
 f - a potion of brilliance {unknown}


   Skills:
 - Level 1.0 Fighting
 - Level 2.0 Dodging
 - Level 3.0 Unarmed Combat
 + Level 4.3 Shapeshifting


You had 2 spell levels left.
You didn't know any spells.
Your spell library was empty.

Dungeon Overview and Level Annotations

Branches:
Dungeon (2/15)

Altars:

Shops:
D:1 !


Innate Abilities, Weirdness & Mutations

You are a hulking beast.
Your limbs bulge with bestial killing power. (Slay +2)
You cannot wear most types of armour.
You are amphibious.
You can wear up to eight rings at the same time.
Your skin changes colour to match your surroundings (Stealth+).
Your rubbery body absorbs attacks. (AC +1, EV +1)
((You are camouflaged when in or above water. (Stealth+)))
You have tentacles for arms and can constrict up to eight enemies at once.


Message History

Done exploring.
Done exploring.
Done exploring.
No target in view!
There is a stone staircase leading down here.
You climb downwards.
There is a stone staircase leading up here.
Unknown command.
A frilled lizard comes into view.
The frilled lizard hisses angrily.
A frilled lizard is nearby!
A frilled lizard is nearby!
The frilled lizard barely misses you.
You tentacle-slap the frilled lizard.
You kill the frilled lizard!
You have reached level 3!
Your experience leads to an increase in your attributes!
Increase (s)trength, (i)ntelligence, or (d)exterity?
You feel agile. x2
You see here a frilled lizard corpse.
Found a stone staircase leading down.
You open the door.
There is an open door here.
h - a scroll labelled EXKIDO QUKHIC
Found 4 stones.
Found a stone staircase leading up.
You now have 52 gold pieces (gained 15).
Found a stone staircase leading up.
No target in view!
No target in view!
No target in view!
No target in view!
Found a stone staircase leading down.
An adder and a bat come into view.
Found a scroll labelled EXKIDO QUKHIC and a whip.
There are monsters nearby!
A rat comes into view.
Found 10 gold pieces.
The adder hisses angrily.
The adder closely misses you. The adder bites you.
You closely miss the adder. Your grab misses the adder. The adder bites you.
You are poisoned.
The adder poisons you!
You closely miss the adder. Your grab misses the adder.
You squeeze the adder, but do no damage.
You feel sick. The adder bites you but does no damage.
You tentacle-slap the adder. Your grab misses the adder.
Your squeeze misses the adder.
The adder is heavily wounded.
You feel sick. The adder bites you. The adder barely misses you.
The rat barely misses you.
You bludgeon the adder!
You kill the adder!
You feel sick. The rat bites you.
Your Shapeshifting skill increases to level 4!
You closely miss the rat. Your grab misses the rat.
You feel sick.
You completely miss the rat. You grab the rat. You squeeze the rat.
You kill the rat!
You feel sick.
You are no longer poisoned.
HP restored.
h - 2 scrolls labelled EXKIDO QUKHIC (gained 1)
i - a scroll labelled VIRAPT MOEMESH No target in view!
A rat comes into view.
A rat is nearby!
A rat is nearby!
The helpless rat fails to defend itself.
You tentacle-slap the rat. Your grab misses the rat. You squeeze the rat.
You kill the rat!
No target in view!
No target in view!
No target in view!
No target in view!
You see here a rat corpse.
A gnoll comes into view. It is wielding a +0 club.
The gnoll shouts!
You hear a shout!
A gnoll comes into view. It is wielding a +0 halberd.
Found a clear potion.
A gnoll comes into view. It is wielding a +2 spear of flaming.
You see here 12 gold pieces.
There are monsters nearby!
There are monsters nearby!
The gnoll hits you with a +0 club.
The gnoll shouts!
You tentacle-slap the gnoll. You grab the gnoll.
The gnoll is moderately wounded.
You constrict the gnoll, but do no damage.
The gnoll hits you with a +0 club. The gnoll barely misses you.
You bludgeon the gnoll!
You kill the gnoll!
The gnoll barely misses you.
The gnoll hits you from afar with a +2 spear of flaming!
* * * LOW HITPOINT WARNING * * *
The gnoll burns you.
* * * LOW HITPOINT WARNING * * *
As you read the scroll labelled EXKIDO QUKHIC, it crumbles to dust.
You hear a loud clanging noise!
It was a scroll of noise.
The gnoll hits you from afar with a +0 halberd.
You die...

...##.##.†.♣P##
###...##......#
#
#.####P..P.P♣##
#
#.#.....♣~~..P##
#
#.#.#..~~~~♣...#
#.. #..~♣~~~...#
### #..P♣~~♣~♣$#
#...~♣~~♣♣.#
$..P...~~~.h#
.###..P~~P.)#
##P.....gg
#......#.#
....!.. .#
#.##### .# #. ##


You could see 2 gnolls.

Vanquished Creatures
  An adder (D:2)
  A gnoll (D:2)
  A dart slug (D:1)
  2 bats (D:1)
  An endoplasm (D:1)
  3 hobgoblins (D:1)
  4 kobolds (D:1)
  2 quokkas (D:1)
  A ball python (D:1)
  2 frilled lizards
  A goblin (D:1)
  5 rats
24 creatures vanquished.

Notes
Turn   | Place    | Note
-------+----------+-------------------------------------------
     0 | D:1      | Flugslaktarn the Octopode Shapeshifter began the quest for
                  | the Orb.
     0 | D:1      | Reached XP level 1. HP: 13/13 MP: 1/1
   134 | D:1      | Reached XP level 2. HP: 14/18 MP: 2/2
   320 | D:1      | Found Pailynu's Distillery.
   754 | D:2      | Reached XP level 3. HP: 23/23 MP: 3/3
   812 | D:2      | Reached skill level 4 in Shapeshifting
   913 | D:2      | Slain by a gnoll

Illustrated notes

Levels and vault maps discovered:
D:1:      heliophobic_arrival_henge, layout_loops_ring, serial_shops,
          nicolae_shop_just_a_little_nook, minmay_box_of_dots
D:2:      layout_basic, serial_bayou_pond_a

Skill      XL: |  1  2  3 |
---------------+----------+-----
Shapeshifting  | 4 |  4.3
Fighting       | |  1.0
Dodging        | |  2.0
Unarmed Combat | |  3.0

Action                     || total
---------------------------++-------
  Melee: Unarmed           ||    38
         Constrict         ||     9
         Tentacles         ||     9
         Punch             ||     1
    Use: Scroll            ||     1
   Stab: Sleeping          ||     6
 Armour: Skin              ||    20
  Dodge: Dodged            ||    16

Table legend: (Time is in decaauts)
 A = Elapsed time spent in this place.
 B = Non-inter-level travel time spent in this place.
 C = Inter-level travel time spent in this place.
 D = Time resting spent in this place.
 E = Time spent auto-exploring this place.
 F = Levels seen in this place.
 G = Mean time per level.
                   A        B        C        D        E       F      G
               +--------+--------+--------+--------+--------+-----+--------+
         Total |    910 |    898 |     12 |     46 |    708 |   2 |  455.0 |
       Dungeon |    910 |    898 |     12 |     46 |    708 |   2 |  455.0 |
               +--------+--------+--------+--------+--------+-----+--------+

Top non-repeatable levels by time:
     D:1: 741 daAuts
     D:2: 169 daAuts
